 Dungeon Sprint DCSS version 0.17.1-2-g5865329 (webtiles) character file.

616 hexophile the Carver (level 7, -1/70 HPs)
             Began as a Ghoul Fighter on Jan 27, 2016.
             Was a Priest of Makhleb.
             Slain by a troll (13 damage)
             ... in the Dungeon (Sprint IX: "|||||||||||||||||||||||||||||").
             The game lasted 00:01:59 (625 turns).

hexophile the Carver (Ghoul Fighter)                 Turns: 625, Time: 00:01:59

Health: -1/70      AC:  9    Str: 21    XL:     7   Next: 45%
Magic:  6/6        EV:  9    Int:  3    God:    Makhleb [***...]
Gold:   0          SH:  8    Dex:  9    Spells: 0 memorised, 6 levels left

rFire  . . .     SeeInvis .     b - +2 rapier (drain)
rCold  + . .     Clarity  .     r - +1 scale mail
rNeg   + + +     SustAt   .     c - +0 shield
rPois  ∞         Gourm    .     (no helmet)
rElec  .         Spirit   .     o - +0 cloak
rCorr  .         Warding  .     (no gloves)
rMut   .         NoTele   +     n - +0 pair of boots
MR     .....                    (no amulet)
Stlth  ..........               (no ring)
                                q - +2 ring of evasion

@: rotting, not resistant to hostile enchantments, extremely unstealthy
A: rotting body, claws 1, carnivore 3, cold resistance 1, negative energy
resistance 3, slow regeneration 1, torment resistance, unbreathing
a: Minor Destruction, Lesser Servant of Makhleb, Renounce Religion


You were in the Dungeon.
You worshipped Makhleb.
Makhleb was most pleased with you.
You were not hungry.

You visited 1 branch


Innate Abilities, Weirdness & Mutations

Your body is rotting away.
You thrive on raw meat.
You are immune to poison.
You have sharp fingernails.
You are carnivorous and can eat meat at any time.
Your flesh is cold resistant.
You are immune to negative energy.
You regenerate slowly when monsters are visible.
You are immune to unholy pain and torment.
You can survive without breathing.

Inventory:

Hand Weapons
 a - a +0 long sword
 b - a +2 rapier of draining (weapon)
Armour
 c - a +0 shield (worn)
 n - a +0 pair of boots (worn)
 o - a +0 cloak (worn)
 r - a +1 scale mail (worn)
Jewellery
 q - a +2 ring of evasion (left claw)
Wands
 m - a wand of fire (3)
Scrolls
 k - 2 scrolls of blinking
 l - 3 scrolls of remove curse
Potions
 d - a potion of might {Str+5 DMG+1d10}
 e - a potion of invisibility
 f - 2 potions of heal wounds
 g - 4 potions of curing
 h - a potion of haste
 i - 4 potions of magic
 j - a potion of berserk rage
Comestibles
 p - a chunk of flesh


You had 6 spell levels left.
You didn't know any spells.


   Skills:
 + Level 9.4 Fighting
 * Level 12.2 Long Blades
 - Level 2.6 Armour
 - Level 2.6 Shields

Dungeon Overview and Level Annotations

Branches:
Dungeon (1/1)

Altars:
Cheibriados
Dithmenos
Elyvilon
Fedhas
Gozag
Kikubaaqudgha
Makhleb
Nemelex Xobeh
Okawaru
Qazlal
Ru
Sif Muna
Trog
Vehumet
Xom
Yredelemnul
Zin
The Shining One
Beogh
Jiyva
Lugonu

Vault maps used:
D:        linesprint
You       could see a tengu warrior and 2 trolls.


Message History

The bolt of fire hits the bat zombie.
You destroy the bat zombie!
Makhleb accepts your kill.
You can now summon a lesser servant of Makhleb.
The bolt of fire hits the gargoyle.
The gargoyle is heavily damaged.
This wand has 5 charges left.
The troll bites you!
* * * LOW HITPOINT WARNING * * *
The troll claws you.
* * * LOW HITPOINT WARNING * * *
The troll claws you!
* * * LOW HITPOINT WARNING * * *
!MASSIVE DAMAGE!
YOU LOST 21 HP!
You have now: 5/61 HP.
Unknown command.
Unknown command.
Unknown command.
Evoke which item? (* to show all) (? for menu, Esc to quit)
Zapping:
m - a wand of fire (5)
Press: ? - help, Shift-Dir - straight line, f/p - troll
Aim: a troll (severely wounded, lightly drained)
The bolt of fire misses the troll. x2
The bolt of fire hits the gargoyle.
You destroy the gargoyle!
You feel better.
Your Fighting skill gained 2 levels and is now at level 9!
Your Long Blades skill gained 2 levels and is now at level 12!
You have reached level 7!
The bolt of fire hits the tengu warrior.
The tengu warrior is moderately wounded.
This wand has 4 charges left.
You block the troll's attack. The troll claws you.
* * * LOW HITPOINT WARNING * * *
The troll barely misses you.
You got additional 9 HP.
Restored 7 HP.
You have now: 12/70 HP.
Unknown command.
Unknown command.
Unknown command.
Evoke which item? (* to show all) (? for menu, Esc to quit)
Zapping:
m - a wand of fire (4)
Press: ? - help, Shift-Dir - straight line, f/p - troll
Aim: a troll (severely wounded, lightly drained)
The bolt of fire hits the troll.
The troll is almost dead.
The bolt of fire hits the troll.
The troll is severely wounded.
The bolt of fire hits the tengu warrior.
The tengu warrior is moderately wounded.
This wand has 3 charges left.
The troll bites you!
You die...

Action                   |  1- 3 |  4- 6 |  7- 9 || total
-------------------------+-------+-------+-------++-------
Melee: Long sword        |    70 |       |       ||    70
       Rapier            |    19 |    22 |       ||    41
Evoke: Wand              |       |     2 |     2 ||     4
  Use: Potion            |     2 |       |       ||     2
  Eat: Meat ration       |     1 |       |       ||     1

Notes
Turn   | Place    | Note
--------------------------------------------------------------
     0 | D        | hexophile the Ghoul Fighter began the quest for the Orb.
     0 | D        | Reached XP level 1. HP: 19/19 MP: 0/0
     6 | D        | Reached skill level 2 in Long Blades
    14 | D        | Reached skill level 3 in Long Blades
   158 | D        | Noticed a worker ant
   158 | D        | Noticed an orc wizard
   163 | D        | Reached XP level 2. HP: 23/25 MP: 1/1
   164 | D        | Reached skill level 4 in Long Blades
   193 | D        | Killed an orc wizard
   193 | D        | Reached skill level 5 in Long Blades
   193 | D        | Reached XP level 3. HP: 19/31 MP: 2/2
   211 | D        | Killed a worker ant
   211 | D        | Reached skill level 6 in Long Blades
   441 | D        | Found a glowing silver altar of Zin.
   441 | D        | Found a glowing golden altar of the Shining One.
   441 | D        | Found an ancient bone altar of Kikubaaqudgha.
   441 | D        | Found a basalt altar of Yredelemnul.
   441 | D        | Found a shimmering altar of Xom.
   441 | D        | Found a radiant altar of Vehumet.
   442 | D        | Found an iron altar of Okawaru.
   443 | D        | Found a burning altar of Makhleb.
   444 | D        | Found a deep blue altar of Sif Muna.
   445 | D        | Found a bloodstained altar of Trog.
   446 | D        | Found a sparkling altar of Nemelex Xobeh.
   447 | D        | Found a white marble altar of Elyvilon.
   448 | D        | Found a roughly hewn altar of Beogh.
   449 | D        | Found a viscous altar of Jiyva.
   450 | D        | Found a corrupted altar of Lugonu.
   451 | D        | Became a worshipper of Makhleb the Destroyer
   452 | D        | Found a blossoming altar of Fedhas.
   453 | D        | Found a snail-covered altar of Cheibriados.
   454 | D        | Found a shadowy altar of Dithmenos.
   455 | D        | Found a stormy altar of Qazlal.
   456 | D        | Found an opulent altar of Gozag.
   457 | D        | Found a sacrificial altar of Ru.
   531 | D        | Noticed a worker ant
   531 | D        | Noticed an orc priest
   531 | D        | Noticed an iguana
   531 | D        | Noticed a wasp
   531 | D        | Noticed a big kobold
   531 | D        | Noticed a crimson imp
   552 | D        | Killed a big kobold
   552 | D        | Reached skill level 5 in Fighting
   552 | D        | Reached skill level 8 in Long Blades
   552 | D        | Reached XP level 4. HP: 28/42 MP: 3/3
   552 | D        | Reached XP level 5. HP: 32/48 MP: 4/4
   552 | D        | Killed an iguana
   552 | D        | Reached * piety under Makhleb
   552 | D        | Killed an orc priest
   552 | D        | Reached skill level 6 in Fighting
   552 | D        | Reached skill level 9 in Long Blades
   558 | D        | Killed a wasp
   558 | D        | Reached skill level 7 in Fighting
   558 | D        | Reached skill level 10 in Long Blades
   558 | D        | Reached XP level 6. HP: 42/60 MP: 5/5
   561 | D        | Killed a worker ant
   561 | D        | Reached ** piety under Makhleb
   565 | D        | Killed a crimson imp
   612 | D        | Noticed a tengu warrior
   612 | D        | Noticed a gargoyle
   612 | D        | Noticed a troll
   612 | D        | Noticed a troll
   623 | D        | Reached *** piety under Makhleb
   624 | D        | Killed a gargoyle
   624 | D        | Reached skill level 9 in Fighting
   624 | D        | Reached skill level 12 in Long Blades
   624 | D        | Reached XP level 7. HP: 15/70 MP: 6/6
   625 | D        | Slain by a troll

Table legend:
 A = Turns spent in this place as a percentage of turns spent in the entire game.
 B = Non-inter-level travel turns spent in this place as a percentage of non-inter-level travel turns spent in the entire game.
 C = Inter-level travel turns spent in this place as a percentage of turns spent in this place.
 D = Turns resting spent in this place as a percentage of non-inter-level travel turns spent in this place.
 E = Turns spent auto-exploring this place as a percentage of non-inter-level travel turns spent in this place.
 F = Non-inter-level travel turns spent in this place divided by the number of levels of this place that you've seen.
                   A       B       C       D       E      F
               +-------+-------+-------+-------+-------+----------------------
         Total | 100.0 | 100.0 |   0.0 |   3.3 |   0.0 | 272.0
       Dungeon | 100.0 | 100.0 |   0.0 |   3.3 |   0.0 | 272.0
               +-------+-------+-------+-------+-------+----------------------

Table legend:
 A = Kills in this place as a percentage of kills in entire the game.
 B = Kills by you in this place as a percentage of kills by you in the entire game.
 C = Kills by friends in this place as a percentage of kills by friends in the entire game.
 D = Other kills in this place as a percentage of other kills in the entire game.
 E = Experience gained in this place as a percentage of experience gained in the entire game.
 F = Experience gained in this place divided by the number of levels of this place that you have seen.
                   A       B       C       D       E      F
               +-------+-------+-------+-------+-------+----------------------
         Total | 100.0 | 100.0 |  -nan |  -nan | 100.0 | 880.0
       Dungeon | 100.0 | 100.0 |  -nan |  -nan | 100.0 | 880.0
               +-------+-------+-------+-------+-------+----------------------

Vanquished Creatures
  A gargoyle (D)
  A wasp (D)
  A big kobold (D)
  A crimson imp (D)
  An orc priest (D)
  An iguana (D)
  An orc wizard (D)
  2 worker ants (D)
  A bat (D)
  A bat skeleton (D)
  A bat zombie (D)
  A giant cockroach (D)
  A goblin (D)
  A hobgoblin (D)
  A jackal (D)
  A kobold (D)
  2 giant newts (D)
19 creatures vanquished.
